 Dungeon Crawl Stone Soup version 0.19.1 (webtiles) character file.

238 Milesaru the Sneak (level 5, -5/39 HPs)
             Began as a Vampire Assassin on Dec 1, 2016.
             Killed by divine providence
             ... invoked by an orc priest
              (11 damage)
             ... on level 4 of the Dungeon.
             The game lasted 00:08:28 (3975 turns).

Milesaru the Sneak (Vampire Assassin)               Turns: 3975, Time: 00:08:28

Health: -5/39      AC:  0    Str: 10    XL:     5   Next: 78%
Magic:  3/5        EV: 21    Int: 14    God:
Gold:   194        SH:  0    Dex: 21    Spells: 0 memorised, 4 levels left

rFire  . . .     SeeInvis +     (weapon currently unavailable)
rCold  + + .     Gourm    .     (armour currently unavailable)
rNeg   + + +     Faith    .     (shield currently unavailable)
rPois  ∞         Spirit   .     (helmet currently unavailable)
rElec  .         Reflect  .     (cloak currently unavailable)
rCorr  .         Harm     .     (gloves currently unavailable)
MR     .....                    (boots currently unavailable)
Stlth  ++++++....               (no amulet)
                                (ring currently unavailable)
                                (ring currently unavailable)

@: bat-form, flying, bloodless, non-regenerating, very quick
A: fangs 3, see invisible, (unbreathing)
a: End Transformation


You were on level 4 of the Dungeon.
You were bloodless.
You were in vampire-bat-form.
You visited 1 branch of the dungeon, and saw 4 of its levels.

You collected 194 gold pieces.

Inventory:

Hand Weapons
 a - a +2 dagger (melded)
 b - a +0 blowgun
 i - a +0 dagger of venom
Missiles
 e - 20 poisoned needles
 f - 2 curare-tipped needles
Armour
 c - a +0 robe (melded)
 d - a +0 cloak (melded)
Jewellery
 v - a cursed -3 ring of evasion {unknown}
Scrolls
 j - 6 scrolls of remove curse {unknown}
 k - 5 scrolls of identify {unknown}
 m - 2 scrolls of enchant weapon {unknown}
 p - 2 scrolls of noise {unknown}
 r - a scroll of amnesia {unknown}
 s - a scroll of fog {unknown}
 u - a scroll of recharging {unknown}
Potions
 g - 8 potions of blood
 h - 2 potions of beneficial mutation {unknown}
 l - a potion of magic {unknown}
 n - a potion of resistance {unknown}
 o - 2 potions of might {unknown}
 q - 2 potions of heal wounds {unknown}
 t - 3 potions of flight {unknown}


   Skills:
 + Level 2.6 Fighting
 * Level 4.9 Short Blades
 - Level 1.5 Throwing
 + Level 2.7 Dodging
 + Level 7.0 Stealth


You had 4 spell levels left.
You didn't know any spells.

Dungeon Overview and Level Annotations

Branches:
Dungeon (4/15)
 Temple: D:4-7

Altars:
Elyvilon
Zin


Innate Abilities, Weirdness & Mutations

You do not heal naturally.
You are immune to poison.
You have razor-sharp teeth.
You have supernaturally acute eyesight. (SInv)
((You can survive without breathing.))


Message History

The orc wizard casts a spell at you. The magic dart hits you!
You fail to use your ability.
The orc wizard hits you with a dagger.
* * * LOW HITPOINT WARNING * * *
The orc priest mumbles some strange prayers to Beogh against you.
You struggle to resist.
The orc wizard hits you with a dagger.
* * * LOW HITPOINT WARNING * * *
You turn into a vampire bat.
Your +2 dagger melds into your body.
Your +0 cloak melds into your body.
Your +0 robe melds into your body.
The orc wizard hits you with a dagger.
* * * LOW HITPOINT WARNING * * *
The orc wizard casts a spell.
The orc wizard gestures at you while chanting.
You resist with some effort.
The orc wizard points at you and mumbles some strange words.
You resist with some effort.
The orc priest calls down the wrath of Beogh upon you.
Beogh smites you!
You die...

...... .....# #....#
####+#### #....+ .......
#....# ......
..#....########....#
..'....##....##....#
#....b.....#.....#
#....##....#.....#....
#....##..o.##.)..#....
#....##....##....#....
#..........o.....#....
.'..........####'##....
..#..........##....#....
..####'##.....#....#....
...####'##....'....


You could see an orc priest and an orc wizard.

Vanquished Creatures
  An ogre (D:4)
  6 adders
  2 worms
  A dart slug (D:1)
  3 leopard geckos
  6 orcs
  A ball python (D:3)
  4 giant cockroaches
  10 goblins
  8 hobgoblins
  8 jackals
  A quokka (D:3)
  11 bats
  5 frilled lizards
  2 kobolds
  5 rats
74 creatures vanquished.

Notes
Turn   | Place    | Note
-------+----------+-------------------------------------------
     0 | D:1      | Milesaru the Vampire Assassin began the quest for the Orb.
     0 | D:1      | Reached XP level 1. HP: 16/16 MP: 1/1
    78 | D:1      | Reached skill level 6 in Stealth
    98 | D:1      | Reached XP level 2. HP: 22/22 MP: 2/2
   700 | D:2      | Reached XP level 3. HP: 20/27 MP: 3/3
  1317 | D:2      | Reached XP level 4. HP: 23/33 MP: 4/4
  2762 | D:3      | Found a white marble altar of Elyvilon.
  2762 | D:3      | Found a glowing silver altar of Zin.
  3251 | D:3      | Reached XP level 5. HP: 31/39 MP: 5/5
  3414 | D:4      | Noticed an ogre
  3461 | D:4      | Killed an ogre
  3461 | D:4      | Reached skill level 7 in Stealth
  3975 | D:4      | Killed from afar by an orc priest

Skill      XL: |  1  2  3  4  5 |
---------------+----------------+-----
Stealth        | 6 7 |  7.0
Fighting       | 2 |  2.6
Short Blades   | 3 4 |  4.9
Dodging        | 2 |  2.7
Throwing       | |  1.5

Action                   |  1- 3 |  4- 6 || total
-------------------------+-------+-------++-------
Melee: Dagger            |    83 |   164 ||   247
       Bite              |     4 |    11 ||    15
 Abil: Bat Form          |       |     2 ||     2
       End Transformatio |       |     1 ||     1
  Use: Potion            |       |     4 ||     4
 Stab: Sleeping          |    14 |    11 ||    25
       Distracted        |     1 |       ||     1
Armor: Robe              |    24 |    26 ||    50
Dodge: Dodged            |    48 |   105 ||   153
